 Dungeon Crawl Stone Soup version 0.27.0-1-g7a089689b8 (webtiles) character file.

Game seed: 16044956736095654435

48 fiver49 the Chucker (level 3, -1/27 HPs)
             Began as a Demonspawn Hunter on Aug 10, 2021.
             Slain by Terence (4 damage)
             ... on level 1 of the Dungeon.
             The game lasted 00:02:53 (1922 turns).

fiver49 the Chucker (Demonspawn Hunter)             Turns: 1922, Time: 00:02:54

Health: -1/27      AC:  6    Str: 13    XL:     3   Next: 50%
Magic:  0/3        EV: 10    Int: 12    God:
Gold:   27         SH:  0    Dex: 13    Spells: 2/2 levels left

rFire    . . .     SeeInvis .   a - +0 short sword
rCold    . . .     Faith    .   (no shield)
rNeg     . . .     Spirit   +   g - +0 ring mail
rPois    .         Reflect  .   (helmet restricted)
rElec    .         Harm     .   i - +0 cloak
rCorr    .         Rampage  .   (no gloves)
Will     .....                  (no boots)
Stlth    +.........             e - amulet of guardian spirit
HPRegen  0.09/turn              (no ring)
MPRegen  0.08/turn              (no ring)

@: no status effects
A: horns 1
a: no special abilities


You were on level 1 of the Dungeon.
You visited 1 branch of the dungeon, and saw 2 of its levels.

You collected 27 gold pieces.

Inventory:

Hand Weapons
 a - a +0 short sword (weapon)
Missiles
 c - 5 javelins (quivered)
Armour
 b - a +0 leather armour
 g - a +0 ring mail (worn)
 i - a +0 cloak (worn)
Jewellery
 e - an amulet of guardian spirit (around neck)
 k - a ring of magical power
Scrolls
 f - a scroll of magic mapping {unknown}
 h - a scroll of summoning {unknown}
 j - a scroll of identify {unknown}


   Skills:
 - Level 2.0 Fighting
 + Level 2.9 Long Blades
 - Level 3.6 Throwing
 - Level 1.7 Dodging
 - Level 0.8 Stealth


You had 2 spell levels left.
You didn't know any spells.
Your spell library was empty.

Dungeon Overview and Level Annotations

Branches:
Dungeon (2/15)

Altars:

Annotations:
D:1 Terence


Innate Abilities, Weirdness & Mutations

You have a pair of small horns on your head.


Message History

The endoplasm quivers.
The endoplasm jiggles.
An endoplasm is nearby!
Terence the Incautious comes into view.
He is wielding a +0 hand axe.
Terence shouts!
Terence drinks a potion.
Terence flickers and vanishes!
Deactivating autopickup; reactivate with Ctrl-A.
You see here a +0 ring mail.
You hit the endoplasm.
The endoplasm is lightly wounded.
The endoplasm misses you.
You hit the endoplasm.
You kill the endoplasm!
No target in view!
No target in view!
Something hits you.
No target in view!
Something hits you but does no damage.
Found a stone staircase leading down.
You hit something but do no damage. Something hits you.
You barely miss something. Your headbutt misses something. Something hits you.
You closely miss something. You headbutt something. Something hits you!
Something hits you.
* * * LOW HITPOINT WARNING * * *
Throw: 2 throwing nets
Press: ? - help, Q - select action, (/) - cycle Shift-Dir - straight line You throw a throwing net.
Throw: throwing net
Press: ? - help, Q - select action, (/) - cycle Shift-Dir - straight line You throw a throwing net.
Something hits you.
Terence appears from thin air!
Reactivating autopickup.
There is a stone staircase leading up here.
Terence hits you with a +0 hand axe.
* * * LOW HITPOINT WARNING * * *
You climb upwards.
There is a stone staircase leading down here.
Terence says, "Don't bother to defend, it's pointless."
Terence hits you with a +0 hand axe.
You die...

.###########.....................
.# #.....................
.###########..>..................
.#.............###.........(.....
.#.............###...............
.#.............##................
.####.##.###.#.##................
.####.##.....#.##................
......#####....@@.####...........
####### #..........#...........
....### #..........#...........
.#....## #..........#...........
..###..# #..........#...........
⌠.# ##.# #..........####....####
..####.# #..........# #....#
.###...# #..........# #....#
.###.⌠.# ######.....# #....#


You could see Terence.

Vanquished Creatures
  2 adders (D:2)
  3 bats (D:1)
  6 endoplasms
  4 goblins (D:1)
  2 hobgoblins (D:1)
  2 jackals (D:1)
  2 quokkas (D:1)
  2 ball pythons (D:1)
  A frilled lizard (D:1)
  2 rats (D:1)
26 creatures vanquished.

Notes
Turn   | Place    | Note
-------+----------+-------------------------------------------
     0 | D:1      | fiver49 the Demonspawn Hunter began the quest for the Orb.
     0 | D:1      | Reached XP level 1. HP: 16/16 MP: 1/1
   121 | D:1      | Reached skill level 1 in Long Blades
   369 | D:1      | Gained mutation: You have a pair of small horns on your
                  | head. [demonic ancestry]
   369 | D:1      | Reached XP level 2. HP: 18/22 MP: 2/2
  1455 | D:2      | Reached XP level 3. HP: 7/27 MP: 1/3
  1886 | D:2      | Noticed Terence
  1922 | D:1      | Slain by Terence

Illustrated notes

Levels and vault maps discovered:
D:1:      dpeg_arrival_chambers_temple_mockup, layout_basic
D:2:      layout_rooms, serial_shops, shop,
          dreamdust_ecumenical_altar_angels_and_demons, uniq_terence

Skill      XL: |  1  2 |
---------------+-------+-----
Long Blades    | 1 2 |  2.9
Fighting       | |  2.0
Throwing       | |  3.6
Dodging        | |  1.7
Stealth        | |  0.8

Action                   || total
-------------------------++-------
Melee: Short sword       ||    93
       Headbutt          ||     4
Throw: Javelin           ||    20
       Throwing net      ||     3
Armor: Leather armour    ||     9
       Ring mail         ||    30
Dodge: Dodged            ||    68
